 Dungeon Crawl Stone Soup version 0.30-a0-365-ge7f957f1db (webtiles) character file.

Game seed: 10411577117522604910

2309 HolyTactitian the Grappler (level 9, -3/84 HPs)
             Began as a Troll Fighter on Nov 16, 2022.
             Was an Initiate of Yredelemnul.
             Slain by a killer bee (6 damage)
             ... on level 7 of the Dungeon.
             The game lasted 00:43:39 (4686 turns).

HolyTactitian the Grappler (Troll Fighter)          Turns: 4686, Time: 00:43:55

Health: -3/84      AC:  8    Str: 28    XL:     9   Next: 18%
Magic:  9/9        EV:  9    Int:  6    God:    Yredelemnul [......]
Gold:   355        SH:  8    Dex:  9    Spells: 8/8 levels left

rFire   . . .      SeeInvis .      - Unarmed
rCold   . . .      Faith    .    b - +0 kite shield
rNeg    . . .      Spirit   .    a - +0 robe
rPois   +          Reflect  .    (helmet restricted)
rElec   .          Harm     .    (no cloak)
rCorr   .          Rampage  .    (gloves unavailable)
Will    .....                    (boots unavailable)
Stlth   +.........               (no amulet)
HPRegen 1.14/turn                f - +4 ring of protection
MPRegen 0.11/turn                u - ring of poison resistance

@: mighty, studying Translocations
A: large, unfitting armour, claws 3, regeneration 1, shaggy fur 1, tough skin 1
a: Renounce Religion, Recall Undead Harvest


You were on level 7 of the Dungeon.
You worshipped Yredelemnul.
Yredelemnul was noncommittal.
You visited 1 branch of the dungeon, and saw 7 of its levels.

You collected 355 gold pieces.

Inventory:

Hand Weapons
 q - the +1 shortbow of the Gloaming {speed, rC+ MP+9 Int-3}
   (You found it on level 3 of the Dungeon)

   Attacks with this weapon are significantly faster.
   Int:       It affects your intelligence (-3).
   rC:        It protects you from cold.
   MP:        It affects your magic capacity (+9).
 y - a +2 rapier of distortion
Missiles
 x - 2 silver boomerangs (quivered)
 E - a throwing net
Armour
 a - a +0 robe (worn)
 b - a +0 kite shield (worn)
 l - a +0 scale mail
Jewellery
 e - a +6 ring of intelligence
 f - a +4 ring of protection (left claw)
 n - a ring of fire
 u - a ring of poison resistance (right claw)
Wands
 D - a wand of paralysis (12)
Scrolls
 c - a scroll of magic mapping {unknown}
 g - 2 scrolls of enchant weapon {unknown}
 i - 4 scrolls of teleportation {unknown}
 j - 5 scrolls of identify {unknown}
 p - 3 scrolls of vulnerability {unknown}
 s - a scroll of fear {unknown}
 w - a scroll of blinking {unknown}
 B - a scroll of enchant armour {unknown}
 C - a scroll of immolation {unknown}
Potions
 d - a potion of magic {unknown}
 h - 2 potions of invisibility {unknown}
 k - 3 potions of curing {unknown}
 m - 2 potions of ambrosia {unknown}
 o - a potion of cancellation {unknown}
 r - a potion of mutation {unknown}
 t - a potion of resistance {unknown}
 v - 2 potions of heal wounds {unknown}
 z - 2 potions of lignification {unknown}
 A - a potion of might


   Skills:
 + Level 3.7 Fighting
 + Level 5.3 Dodging
 + Level 1.5 Stealth
 + Level 5.4 Shields
 + Level 8.3 Unarmed Combat
 + Level 1.5 Invocations


You had 8 spell levels left.
You didn't know any spells.
Your spell library contained the following spells:

 Spells                   Type           Power      Damage    Failure   Level
 Leda's Liquefaction      Hex/Erth       0%         N/A       100%        4
 Lee's Rapid Deconstruct  Erth           0%         3d4*      100%        5
 Statue Form              Tmut/Erth      0%         N/A       100%        6


Dungeon Overview and Level Annotations

Branches:
Dungeon (7/15)
 Temple: D:4-7

Altars:
Okawaru
Trog
Vehumet
Wu Jian
Yredelemnul

Shops:
D:1 !

Portals:
Abyss: D:5

Annotations:
D:3 2 transporters, ambi's ghost, amateur OpTm


Innate Abilities, Weirdness & Mutations

You are too large for most types of armour.
You have claws for hands.
Your natural rate of healing is unusually fast.
You are covered in fur. (AC +1)
You have tough skin. (AC +1)


Message History

Your killer bee zombie misses the killer bee.
You block the killer bee's attack.
The killer bee stings your killer bee zombie.
The killer bee stings you.
* * * LOW HITPOINT WARNING * * *
A lemure comes into view.
Your killer bee zombie hits the killer bee.
The killer bee closely misses you. The killer bee barely misses you.
The killer bee barely misses your killer bee zombie.
You barely miss the killer bee.
The killer bee is moderately wounded.
The killer bee barely misses you.
Your killer bee zombie closely misses the killer bee.
The killer bee barely misses your killer bee zombie.
You block the killer bee's attack.
The killer bee barely misses your killer bee zombie.
Your killer bee zombie completely misses the killer bee.
The killer bee barely misses you. The killer bee completely misses you.
You barely miss the killer bee.
The killer bee is moderately wounded.
The killer bee stings your killer bee zombie.
The killer bee stings you.
* * * LOW HITPOINT WARNING * * *
The killer bee stings you.
* * * LOW HITPOINT WARNING * * *
Your killer bee zombie closely misses the killer bee.
The killer bee closely misses you.
The killer bee stings your killer bee zombie!
Your killer bee zombie is destroyed!
The killer bee stings you.
* * * LOW HITPOINT WARNING * * *
You claw the killer bee!
The killer bee is almost dead.
The killer bee stings you.
* * * LOW HITPOINT WARNING * * *
The killer bee closely misses you. The killer bee stings you.
* * * LOW HITPOINT WARNING * * *
You block the killer bee's attack. The killer bee stings you.
You die...
Your body rises from the dead as a mindless zombie.

.......................#
..##....##.............##
.# ##..####.....###....#
####.. #....## ##...##
......# ####### #....#
#.....##...# ##.....##
#......#.#.# ##..##...###
#....#.#'yy#####...#
#....#
#.....5..y@..##....#
##....
#..#'''#.#.##......#
#.....
#$#[#.....Z###..###...<.
#.$(##....## ##.........
#####.#..## #.........#
...[..# #..).....##
##...... #.......##
##.##... #......## ...
#... #......#


You could see a lemure and 3 killer bees.

Vanquished Creatures
  The ghost of ytrimaz the Chopper, an amateur FoFi (D:5)
  Grinder (D:3)
  Eustachio (D:6)
  A steam dragon (D:6)
  An ice beast (D:5)
  A sky beast (D:6)
  A small abomination (D:5)
  2 ogres
  A kobold brigand (D:5)
  A necrophage (D:7)
  A gnoll sergeant (D:6)
  A scorpion (D:5)
  3 killer bees (D:7)
  2 jellies (D:6)
  A hound (D:5)
  An iron imp (D:5)
  2 gnoll boudas
  3 iguanas
  An orc wizard (D:7)
  12 gnolls
  5 adders
  A shadow imp (D:5)
  A white imp (D:7)
  An ufetubus (D:4)
  3 worms (D:2)
  A dart slug (D:2)
  14 orcs
  4 ball pythons
  6 bats
  5 endoplasms
  3 giant cockroaches
  4 goblins
  4 hobgoblins
  6 jackals
  3 kobolds
  3 quokkas
  5 rats
107 creatures vanquished.

Vanquished Creatures (collateral kills)
  Menkaure (D:4)
  A scorpion (D:6)
  A hound (D:5)
  An iguana (D:5)
  A small abomination (D:5)
  An orc wizard (D:5)
  3 gnolls
  An adder (D:5)
  An endoplasm (D:4)
  A giant cockroach (D:4)
  A goblin (D:4)
  A hobgoblin (D:4)
14 creatures vanquished.

Vanquished Creatures (others)
  A scorpion zombie (D:6)
  2 killer bee zombies (D:7)
  A sky beast zombie (D:6)
  A hound zombie (D:5)
  A jelly zombie (D:6)
  2 adder zombies
  2 orcs (D:6)
  6 gnoll zombies (D:6)
  A ball python zombie (D:4)
  A goblin zombie (D:4)
  A hobgoblin zombie (D:4)
  2 jackal zombies (D:4)
  10 orc zombies
  13 plants (D:3)
44 creatures vanquished.

Grand Total: 165 creatures vanquished

Notes
Turn   | Place    | Note
-------+----------+-------------------------------------------
     0 | D:1      | HolyTactitian the Troll Fighter began the quest for the
                  | Orb.
     0 | D:1      | Reached XP level 1. HP: 22/22 MP: 0/0
    56 | D:1      | Found Dojoefo's Distillery.
   135 | D:1      | Reached XP level 2. HP: 29/29 MP: 1/1
   163 | D:1      | Upgraded the game from 0.30-a0-364-gf6b3ef1049 to
                  | 0.30-a0-365-ge7f957f1db
   688 | D:2      | Reached XP level 3. HP: 36/36 MP: 2/2
  1531 | D:3      | Reached skill level 3 in Unarmed Combat
  1539 | D:3      | Reached XP level 4. HP: 44/44 MP: 3/3
  1607 | D:3      | Found a basalt altar of Yredelemnul.
  1648 | D:3      | Became a worshipper of Yredelemnul the Dark
  1736 | D:3      | Found a transporter.
  1736 | D:3      | Found a transporter.
  1745 | D:3      | Noticed a gnoll sergeant
  1746 | D:3      | Identified the +1 shortbow of the Gloaming {speed, rC+ MP+9
                  | Int-3}
  1748 | D:3      | Noticed ambi's ghost (amateur OpTm)
  1879 | D:3      | Noticed Grinder
  1892 | D:3      | Killed Grinder
  1893 | D:3      | Reached skill level 4 in Unarmed Combat
  1893 | D:3      | Reached XP level 5. HP: 52/53 MP: 4/4
  1893 | D:3      | Reached XP level 6. HP: 60/61 MP: 5/5
  1968 | D:3      | Found a faded altar of an unknown god.
  2123 | D:4      | Noticed Menkaure
  2130 | D:4      | Killed Menkaure
  2217 | D:4      | Reached * piety under Yredelemnul
  2257 | D:4      | Reached ** piety under Yredelemnul
  2282 | D:4      | Found a radiant altar of Vehumet.
  2486 | D:4      | Reached skill level 5 in Unarmed Combat
  2513 | D:4      | Reached XP level 7. HP: 44/67 MP: 6/6
  3181 | D:5      | Entered Level 5 of the Dungeon
  3296 | D:5      | Reached skill level 1 in Stealth
  3335 | D:5      | Found a transporter.
  3402 | D:5      | Found a transporter.
  3447 | D:5      | Found a one-way gate to the infinite horrors of the Abyss.
  3529 | D:5      | Reached skill level 6 in Unarmed Combat
  3583 | D:5      | Reached XP level 8. HP: 27/75 MP: 7/7
  3601 | D:5      | Noticed ytrimaz's ghost (amateur FoFi)
  3630 | D:5      | Killed ytrimaz's ghost
  3631 | D:5      | Reached skill level 1 in Invocations
  3738 | D:6      | Reached skill level 7 in Unarmed Combat
  3979 | D:6      | Reached skill level 5 in Shields
  4037 | D:6      | Found an iron altar of Okawaru.
  4048 | D:6      | Reached skill level 5 in Dodging
  4230 | D:6      | Found an ornate altar of the Wu Jian Council.
  4361 | D:6      | Noticed Eustachio
  4368 | D:6      | Killed Eustachio
  4383 | D:6      | Reached skill level 8 in Unarmed Combat
  4383 | D:6      | Reached XP level 9. HP: 59/84 MP: 7/9
  4535 | D:7      | Found a bloodstained altar of Trog.
  4686 | D:7      | HP: 3/84 [killer bee (6)]
  4686 | D:7      | Slain by a killer bee

Illustrated notes

Levels and vault maps discovered:
D:1:      eino_arrival_cavern_a, layout_basic, serial_shops,
          nicolae_shop_crystal
D:2:      layout_loops_cross
D:3:      layout_rooms, mainiacjoe_overflow_catwalk,
          gammafunk_ghost_gnarly_gnolls,
          shapermc_ecumenical_altar_mp_urbaneastern, moated_statue, uniq_grinder
D:4:      layout_basic, mainiacjoe_overflow_brackets, uniq_menkaure
D:5:      layout_gridville, gammafunk_ghost_abyssal_escape
D:6:      layout_loops_cross, pdpol_wu_jian_five_deadly_venoms,
          okawaru_gym_becter, uniq_eustachio
D:7:      layout_layer_cave, old_standard_altar, brannock_xom_greatest_gift,
          mainiacjoe_overflow_alcove_2, grunt_dithmenos_smoke,
          mainiacjoe_overflow_paths, temple_green, columned_hall_lemuel,
          eino_jars, uniq_pikel

Skill      XL: |  1  2  3  4  5  6  7  8 |
---------------+-------------------------+-----
Shields        | 3 4 5 |  5.4
Unarmed Combat | 3 4 5 6 8 |  8.3
Fighting       | 3 |  3.7
Dodging        | 3 4 5 |  5.3
Stealth        | 1 |  1.5
Invocations    | 1 |  1.5

Action                   |  1- 3 |  4- 6 |  7- 9 || total
-------------------------+-------+-------+-------++-------
Melee: Unarmed           |   115 |    90 |   191 ||   396
Invok: Recall Undead Har |       |     4 |     9 ||    13
       Dark Bargain      |       |       |     1 ||     1
  Use: Potion            |       |     1 |     1 ||     2
 Stab: Distracted        |       |       |     1 ||     1
Armor: Robe              |    32 |    25 |    74 ||   131
Dodge: Dodged            |    35 |    27 |    83 ||   145
Block: Kite shield       |    43 |    28 |    89 ||   160

Table legend: (Time is in decaauts)
 A = Elapsed time spent in this place.
 B = Non-inter-level travel time spent in this place.
 C = Inter-level travel time spent in this place.
 D = Time resting spent in this place.
 E = Time spent auto-exploring this place.
 F = Levels seen in this place.
 G = Mean time per level.
                   A        B        C        D        E       F      G
               +--------+--------+--------+--------+--------+-----+--------+
         Total |   4700 |   4315 |    385 |    362 |      0 |   7 |  671.4 |
       Dungeon |   4700 |   4315 |    385 |    362 |      0 |   7 |  671.4 |
               +--------+--------+--------+--------+--------+-----+--------+

Top non-repeatable levels by time:
     D:4: 1119 daAuts
     D:2: 858 daAuts
     D:6: 810 daAuts
     D:3: 639 daAuts
     D:1: 578 daAuts
     D:5: 509 daAuts
     D:7: 185 daAuts
